WCHLSIM.com - West Coast Hockey League
html PUBLIC "-//W3C//DTD XHTML 1.0 Transitional//EN" "http://www.w3.org/TR/xhtml1/DTD/xhtml1-transitional.dtd"> WCHL - Game 452 - LONG BEACH BARACUDAS vs UTAH ICE BEARS

LONG BEACH BARACUDAS vs UTAH ICE BEARS

Created - 18 décembre 2022 at 07:46

Goals
1 2 3 T
LONG BEACH BARACUDAS 1 0 1 2
UTAH ICE BEARS 0 2 1 3
Shots
1 2 3 T
LONG BEACH BARACUDAS 14 12 7 33
UTAH ICE BEARS 3 10 10 23

1st period

1. LONG BEACH BARACUDAS , Brock Nelson 17 (Taylor Hall 24, Alex Pietrangelo 16) at 0:20

Penalties :
Andrew Peeke (UTA) for Hooking (Minor) at 1:30, Andrew Peeke (UTA) for High sticking (Minor) at 5:11, Evgeni Malkin (UTA) for Cross-checking (Minor) at 11:24

2nd period

2. UTAH ICE BEARS , Blake Lizotte 3 (Zachary Sanford 4) at 7:44
3. UTAH ICE BEARS , Evgeni Malkin 10 (Rudolfs Balcers 5, Nicholas Paul 8) at 18:00 (PP)

Penalties :
Ryan Murray (LOB) for Roughing (Minor) at 17:41

3rd period

4. LONG BEACH BARACUDAS , Nicklas Backstrom 5 (Craig Smith 9) at 9:26
5. UTAH ICE BEARS , Andrew Mangiapane 12 (MacKenzie Weegar 16, Kyle Okposo 9) at 19:51

Penalties :
Evgeni Malkin (UTA) for Holding (Minor) at 2:13, Arthur Kaliyev (LOB) for Slashing (Minor) at 9:28

Goalie Stats

Martin Jones (LOB), 20 saves from 23 shots - (0,870), L, 2-3-1, 59:55 minutes
Thatcher Demko (UTA), 31 saves from 33 shots - (0,939), W, 13-7-2, 60:00 minutes

Players Stats for LONG BEACH BARACUDAS

Player Name              G  A  P  +/- PIM S  H  SB GA TA FO     MP     PP MP  PK MP  
------------------------------------------------------------------------------------
Alex Pietrangelo         0  1  1  -1  0   0  1  0  0  0  0/0    24:16   3:45   1:27 
Arthur Kaliyev           0  0  0  -1  2   2  1  2  0  0  0/1    19:43   3:34   0:00 
Boris Katchouk           0  0  0   1  0   0  3  0  0  0  0/2    12:18   0:00   0:00 
Brock McGinn             0  0  0   0  0   1  1  0  0  0  0/1    14:34   0:00   0:00 
Brock Nelson             1  0  1  -1  0   5  1  0  0  0  11/23  19:44   3:34   0:00 
Craig Smith              0  1  1   1  0   3  0  0  0  0  0/0    12:18   0:00   0:00 
Derek Stepan             0  0  0   0  0   1  0  2  0  0  1/1     7:43   0:00   0:00 
Derrick Pouliot          0  0  0   0  0   0  0  1  0  0  0/0    17:47   2:31   0:51 
Jaden Schwartz           0  0  0   0  0   5  0  0  0  0  0/1    17:28   2:54   0:00 
Mitch Reinke             0  0  0   1  0   0  0  1  0  0  0/0    21:15   4:48   0:00 
Nicklas Backstrom        1  0  1   1  0   3  0  0  0  0  10/12  18:50   4:50   1:34 
Nolan Patrick            0  0  0   0  0   0  1  0  0  0  7/9     7:20   0:00   0:44 
P.K. Subban              0  0  0   0  0   0  0  0  0  0  0/0    19:53   4:11   1:27 
Robbie Russo             0  0  0   1  0   0  2  0  0  0  0/0    16:35   0:00   0:00 
Robert Fabbri            0  0  0   0  0   3  0  0  0  0  0/3     8:26   0:12   1:34 
Ryan Murray              0  0  0  -1  2   0  1  1  0  0  0/0    20:13   0:37   0:51 
Taylor Hall              0  1  1  -1  0   6  0  1  0  0  0/0    20:36   4:22   0:00 
William Karlsson         0  0  0   0  0   4  0  0  0  0  12/19  18:41   4:22   0:44 

Players Stats for UTAH ICE BEARS

Player Name              G  A  P  +/- PIM S  H  SB GA TA FO     MP     PP MP  PK MP  
------------------------------------------------------------------------------------
Alexander Barabanov      0  0  0   0  0   1  4  0  0  0  0/0    17:19   1:03   0:00 
Andrew Mangiapane        1  0  1   0  0   2  2  0  0  0  0/0    17:42   0:00   0:45 
Andrew Peeke             0  0  0   0  4   1  3  0  0  0  0/0    20:26   0:56   2:09 
Artem Zub                0  0  0   1  0   0  2  3  0  0  0/0    15:13   0:00   2:18 
Blake Lizotte            1  0  1   1  0   1  0  0  0  0  2/8     5:25   0:00   0:00 
Bowen Byram              0  0  0   0  0   2  1  1  0  0  0/0    18:56   1:22   0:11 
Evgeni Malkin            1  0  1   0  4   6  1  0  0  0  13/24  18:10   1:15   0:00 
Kyle Okposo              0  1  1   0  0   2  0  0  0  0  0/0    17:05   0:00   0:00 
Leo Komarov              0  0  0   1  0   0  0  0  0  0  3/7     8:53   0:00   3:36 
Lucas Raymond            0  0  0   0  0   0  1  0  0  0  0/2    17:19   1:03   0:00 
MacKenzie Weegar         0  1  1  -1  0   0  4  2  0  0  0/0    24:49   1:22   3:59 
Mark Pysyk               0  0  0   1  0   1  2  1  0  0  0/0    17:47   0:56   3:56 
Matthew Beniers          0  0  0   0  0   0  1  0  0  0  8/15   17:19   1:03   0:00 
Nicholas Paul            0  1  1  -1  0   3  2  0  0  0  0/3    15:58   1:15   3:35 
Ross Colton              0  0  0  -1  0   1  0  0  0  0  5/12   11:08   0:00   0:00 
Rudolfs Balcers          0  1  1  -1  0   2  1  0  0  0  0/1    16:06   1:15   3:35 
T.J. Brodie              0  0  0  -1  0   0  2  1  0  0  0/0    22:47   0:00   3:19 
Zachary Sanford          0  1  1   1  0   1  0  0  0  0  0/0     9:38   0:00   4:21 

3 Stars

1 - Andrew Mangiapane (UTA)
2 - Blake Lizotte (UTA)
3 - Thatcher Demko (UTA)

Power Play

LONG BEACH BARACUDAS - 0 on 4 Attempt(s) - 0,00%
UTAH ICE BEARS - 1 on 2 Attempt(s) - 50,00%

Penalty Kill

LONG BEACH BARACUDAS - 1 on 2 Attempt(s) - 50,00% - Score 0 goal in Penalty Kill
UTAH ICE BEARS - 4 on 4 Attempt(s) - 100,00% - Score 0 goal in Penalty Kill

Team Stat

LONG BEACH BARACUDAS - Hits : 11 - Faceoff Wins : 41 - Blocked Shots : 8 - Penalty Minutes : 4
UTAH ICE BEARS - Hits : 26 - Faceoff Wins : 31 - Blocked Shots : 8 - Penalty Minutes : 8

Official

Referees : Kyle Rehman and Mike Campbell
Linesman : Brent Hooks and Tony Sericolo

Game Notes

No Game Note

Finance

Level 1 -- Attendance: 6503 (83,91%) -- Ticket Income 747 845 $
Level 2 -- Attendance: 5284 (91,90%) -- Ticket Income 406 868 $
Level 3 -- Attendance: 2500 (100,00%) -- Ticket Income 155 000 $
Level 4 -- Attendance: 4882 (97,64%) -- Ticket Income 200 162 $
Luxury Box -- Attendance: 936 (93,60%) -- Ticket Income 234 000 $
Total Attendance: 20105 (91,39%)
Total Ticket Income: 1 743 875 $
Other Expense: 17 439 $
Total Income: 1 726 436 $

LONG BEACH BARACUDAS

5 vs 5 Forward 
   Center                   Left Wing                Right Wing               Time % Phy DF OF 
 1 Brock Nelson             Taylor Hall              Arthur Kaliyev           38     0   2  3  
 2 William Karlsson         Jaden Schwartz           Brock McGinn             31     0   2  3  
 3 Nicklas Backstrom        Craig Smith              Boris Katchouk           21     0   3  2  
 4 Nolan Patrick            Derek Stepan             Robert Fabbri            10     0   4  1  

5 vs 5 Defense 
   Defense                  Defense                                           Time % Phy DF OF 
 1 Alex Pietrangelo         Ryan Murray                                       36     0   3  2  
 2 Robbie Russo             Mitch Reinke                                      31     0   3  2  
 3 Derrick Pouliot          P.K. Subban                                       23     0   4  1  
 4 Ryan Murray              Alex Pietrangelo                                  10     0   4  1  

PowerPlay Forward 
   Center                   Left Wing                Right Wing               Time % Phy DF OF 
 1 William Karlsson         Taylor Hall              Nicklas Backstrom        55     0   0  5  
 2 Brock Nelson             Jaden Schwartz           Arthur Kaliyev           45     0   0  5  

PowerPlay Defense
   Defense                  Defense                                           Time % Phy DF OF 
 1 Alex Pietrangelo         Derrick Pouliot                                   55     0   0  5  
 2 P.K. Subban              Mitch Reinke                                      45     0   0  5  

Penalty Kill 4 Players Forward 
   Center                   Wing                     Time % Phy DF OF 
 1 Robert Fabbri            Nicklas Backstrom        55     0   5  0  
 2 Nolan Patrick            William Karlsson         45     0   5  0  

Penalty Kill 4 Players Defense
   Defense                  Defense                  Time % Phy DF OF 
 1 P.K. Subban              Alex Pietrangelo         55     0   5  0  
 2 Derrick Pouliot          Ryan Murray              45     0   5  0  

Penalty Kill - 3 Players Forward 
   Forward                                           Time % Phy DF OF 
 1 Nicklas Backstrom                                 55     0   5  0  
 2 Brock Nelson                                      45     0   5  0  

Penalty Kill - 3 Players Defense
   Defense                  Defense                  Time % Phy DF OF 
 1 Mitch Reinke             Alex Pietrangelo         55     0   5  0  
 2 P.K. Subban              Ryan Murray              45     0   5  0  

4 vs 4 Forward 
   Center                   Wing                     Time % Phy DF OF 
 1 Nolan Patrick            William Karlsson         55     0   2  3  
 2 Nicklas Backstrom        Robert Fabbri            45     0   2  3  

4 vs 4 Defense
   Defense                  Defense                  Time % Phy DF OF 
 1 Alex Pietrangelo         P.K. Subban              55     0   2  3  
 2 Derrick Pouliot          Ryan Murray              45     0   2  3  

Last Minutes Offensive
   Center                   Left Wing                Right Wing               Defense                  Defense                  
   William Karlsson         Taylor Hall              Arthur Kaliyev           Alex Pietrangelo         Robbie Russo             

Last Minutes Defensive
   Center                   Left Wing                Right Wing               Defense                  Defense                  
   William Karlsson         Jaden Schwartz           Arthur Kaliyev           Alex Pietrangelo         Robbie Russo             

Goaltenders
Starting : Martin Jones             
Backup : Jake Oettinger           

Extra Forwards
Normal : Nicklas Backstrom, Robert Fabbri, William Karlsson - PP : Nicklas Backstrom, Robert Fabbri - PK : Nicklas Backstrom
Extra Defensemen
Normal : Derrick Pouliot, Mitch Reinke, P.K. Subban - PP : Derrick Pouliot - PK : Mitch Reinke, P.K. Subban
Penalty Shots
William Karlsson, Brock Nelson, Taylor Hall, Arthur Kaliyev, Nicklas Backstrom
Custom OT Lines Forwards
William Karlsson, Brock Nelson, Taylor Hall, Arthur Kaliyev, Nicklas Backstrom, Jaden Schwartz, Nolan Patrick, Boris Katchouk, Robert Fabbri, Brock McGinn
Custom OT Lines Defensemen
Alex Pietrangelo, Mitch Reinke, P.K. Subban, Ryan Murray, Derrick Pouliot

Scratches
Alexandre Texier (Torn Left ACL Injury), Jared Spurgeon (Sprained Left Finger Injury), Seth Jarvis (Exhaustion)

UTAH ICE BEARS

5 vs 5 Forward 
   Center                   Left Wing                Right Wing               Time % Phy DF OF 
 1 Evgeni Malkin            Andrew Mangiapane        Kyle Okposo              36     1   2  2  
 2 Matthew Beniers          Alexander Barabanov      Lucas Raymond            31     1   2  2  
 3 Ross Colton              Nicholas Paul            Rudolfs Balcers          23     1   2  2  
 4 Blake Lizotte            Zachary Sanford          Leo Komarov              10     1   2  2  

5 vs 5 Defense 
   Defense                  Defense                                           Time % Phy DF OF 
 1 MacKenzie Weegar         T.J. Brodie                                       36     1   2  2  
 2 Bowen Byram              Andrew Peeke                                      31     1   2  2  
 3 Mark Pysyk               Artem Zub                                         23     1   2  2  
 4 Bowen Byram              Andrew Peeke                                      10     1   2  2  

PowerPlay Forward 
   Center                   Left Wing                Right Wing               Time % Phy DF OF 
 1 Evgeni Malkin            Rudolfs Balcers          Nicholas Paul            55     1   2  2  
 2 Matthew Beniers          Alexander Barabanov      Lucas Raymond            45     1   2  2  

PowerPlay Defense
   Defense                  Defense                                           Time % Phy DF OF 
 1 Bowen Byram              MacKenzie Weegar                                  55     1   2  2  
 2 Mark Pysyk               Andrew Peeke                                      45     1   2  2  

Penalty Kill 4 Players Forward 
   Center                   Wing                     Time % Phy DF OF 
 1 Leo Komarov              Zachary Sanford          55     1   2  2  
 2 Nicholas Paul            Rudolfs Balcers          45     1   2  2  

Penalty Kill 4 Players Defense
   Defense                  Defense                  Time % Phy DF OF 
 1 MacKenzie Weegar         Mark Pysyk               55     1   2  2  
 2 T.J. Brodie              Andrew Peeke             45     1   2  2  

Penalty Kill - 3 Players Forward 
   Forward                                           Time % Phy DF OF 
 1 Leo Komarov                                       55     1   2  2  
 2 Nicholas Paul                                     45     1   2  2  

Penalty Kill - 3 Players Defense
   Defense                  Defense                  Time % Phy DF OF 
 1 MacKenzie Weegar         T.J. Brodie              55     1   2  2  
 2 Mark Pysyk               Andrew Peeke             45     1   2  2  

4 vs 4 Forward 
   Center                   Wing                     Time % Phy DF OF 
 1 Evgeni Malkin            Nicholas Paul            55     1   2  2  
 2 Matthew Beniers          Alexander Barabanov      45     1   2  2  

4 vs 4 Defense
   Defense                  Defense                  Time % Phy DF OF 
 1 MacKenzie Weegar         T.J. Brodie              55     1   2  2  
 2 Mark Pysyk               Andrew Peeke             45     1   2  2  

Last Minutes Offensive
   Center                   Left Wing                Right Wing               Defense                  Defense                  
   Matthew Beniers          Kyle Okposo              Andrew Mangiapane        MacKenzie Weegar         T.J. Brodie              

Last Minutes Defensive
   Center                   Left Wing                Right Wing               Defense                  Defense                  
   Blake Lizotte            Rudolfs Balcers          Kyle Okposo              MacKenzie Weegar         T.J. Brodie              

Goaltenders
Starting : Thatcher Demko           
Backup : Connor Ingram            

Extra Forwards
Normal : Kyle Okposo, Ross Colton, Nicholas Paul - PP : Rudolfs Balcers, Ross Colton - PK : Nicholas Paul
Extra Defensemen
Normal : Mark Pysyk, MacKenzie Weegar, T.J. Brodie - PP : Mark Pysyk - PK : Andrew Peeke, MacKenzie Weegar
Penalty Shots
Evgeni Malkin, Matthew Beniers, Kyle Okposo, Alexander Barabanov, Nicholas Paul
Custom OT Lines Forwards
Evgeni Malkin, Andrew Mangiapane, Kyle Okposo, Alexander Barabanov, Nicholas Paul, Ross Colton, Lucas Raymond, Blake Lizotte, Rudolfs Balcers, Matthew Beniers
Custom OT Lines Defensemen
MacKenzie Weegar, T.J. Brodie, Bowen Byram, Andrew Peeke, Mark Pysyk

Scratches
Casey Mittelstadt (Sports Hernia Injury), Radim Simek (Healthy), Troy Stecher (Healthy), Tucker Poolman (Healthy), Brandon Bussi (Healthy)

% Time on Ice - LONG BEACH BARACUDAS

Lines # - Real PCT - Wanted PCT - Time Play
Normal Forward
1 - 33% - 38% - 16:10
2 - 29% - 31% - 14:34
3 - 25% - 21% - 12:18
4 - 13% - 10% - 6:36
Normal Defense
1 - 35% - 36% - 17:19
2 - 33% - 31% - 16:27
3 - 29% - 23% - 14:15
4 - 3% - 10% - 1:37
PP Forward
1 - 55% - 55% - 4:22
2 - 45% - 45% - 3:34
PP Defense
1 - 47% - 55% - 3:45
2 - 53% - 45% - 4:11
PK Forward
1 - 68% - 55% - 1:34
2 - 32% - 45% - 0:44
PK Defense
1 - 63% - 55% - 1:27
2 - 37% - 45% - 0:51
PK3 Forward
1 - 0% - 55%
2 - 0% - 45%
PK3 Defense
1 - 0% - 55%
2 - 0% - 45%
44 Forward
1 - 0% - 55%
2 - 0% - 45%
44 Defense
1 - 0% - 55%
2 - 0% - 45%
Last Minute Offensive  - 0:08
Last Minute Defensive  - 0:00
Total
Forward - 60:00
Defense - 60:00

% Time on Ice - UTAH ICE BEARS

Lines # - Real PCT - Wanted PCT - Time Play
Normal Forward
1 - 34% - 36% - 16:57
2 - 33% - 31% - 16:16
3 - 22% - 23% - 11:08
4 - 11% - 10% - 5:17
Normal Defense
1 - 39% - 36% - 19:20
2 - 30% - 31% - 15:01
3 - 26% - 23% - 12:55
4 - 5% - 10% - 2:22
PP Forward
1 - 54% - 55% - 1:15
2 - 46% - 45% - 1:03
PP Defense
1 - 59% - 55% - 1:22
2 - 41% - 45% - 0:56
PK Forward
1 - 55% - 55% - 4:21
2 - 45% - 45% - 3:35
PK Defense
1 - 52% - 55% - 4:07
2 - 48% - 45% - 3:49
PK3 Forward
1 - 0% - 55%
2 - 0% - 45%
PK3 Defense
1 - 0% - 55%
2 - 0% - 45%
44 Forward
1 - 0% - 55%
2 - 0% - 45%
44 Defense
1 - 0% - 55%
2 - 0% - 45%
Last Minute Offensive  - 0:00
Last Minute Defensive  - 0:08
Total
Forward - 60:00
Defense - 60:00

Play-by-Play

1st period


0:01 of 1st period - Brock Nelson wins face-off versus Evgeni Malkin in neutral zone.
0:20 of 1st period - Shot by Brock Nelson.
0:20 of 1st period - Goal by Brock Nelson - LONG BEACH BARACUDAS : 1 - UTAH ICE BEARS : 0.
0:21 of 1st period - William Karlsson wins face-off versus Matthew Beniers in neutral zone.
0:21 of 1st period - William Karlsson is hit by Alexander Barabanov.
0:31 of 1st period - Shot by Matthew Beniers.
0:31 of 1st period - Shot Misses the Net.
0:33 of 1st period - Shot by Alexander Barabanov.
0:33 of 1st period - Shot Misses the Net.
0:47 of 1st period - Shot by Matthew Beniers.
0:47 of 1st period - Shot Misses the Net.
0:49 of 1st period - Shot by Matthew Beniers.
0:49 of 1st period - Shot Hit the Post.
1:30 of 1st period - Minor Penalty to Andrew Peeke for Hooking.
1:31 of 1st period - Brock Nelson wins face-off versus Leo Komarov in UTAH ICE BEARS zone.
2:24 of 1st period - Shot by Taylor Hall.
2:24 of 1st period - Stopped by Thatcher Demko without a rebound.
2:25 of 1st period - Leo Komarov wins face-off versus William Karlsson in UTAH ICE BEARS zone.
2:42 of 1st period - Shot by Taylor Hall.
2:42 of 1st period - Shot Misses the Net.
3:16 of 1st period - Shot by Jaden Schwartz.
3:16 of 1st period - Stopped by Thatcher Demko without a rebound.
3:17 of 1st period - Brock Nelson wins face-off versus Nicholas Paul in UTAH ICE BEARS zone.
3:18 of 1st period - Shot by Alex Pietrangelo.
3:18 of 1st period - Shot Blocked by MacKenzie Weegar.
3:20 of 1st period - Shot by Brock Nelson.
3:20 of 1st period - Stopped by Thatcher Demko without a rebound.
3:21 of 1st period - Nicklas Backstrom wins face-off versus Leo Komarov in UTAH ICE BEARS zone.
4:10 of 1st period - Icing by Ryan Murray.
4:11 of 1st period - Nolan Patrick wins face-off versus Ross Colton in LONG BEACH BARACUDAS zone.
4:41 of 1st period - Shot by Rudolfs Balcers.
4:41 of 1st period - Shot Misses the Net.
4:43 of 1st period - Shot by Artem Zub.
4:43 of 1st period - Shot Misses the Net.
4:45 of 1st period - Shot by Mark Pysyk.
4:45 of 1st period - Shot Misses the Net.
4:47 of 1st period - Shot by Rudolfs Balcers.
4:47 of 1st period - Stopped by Martin Jones without a rebound.
4:48 of 1st period - Nicklas Backstrom wins face-off versus Blake Lizotte in LONG BEACH BARACUDAS zone.
5:07 of 1st period - Shot by Craig Smith.
5:07 of 1st period - Stopped by Thatcher Demko without a rebound.
5:08 of 1st period - William Karlsson wins face-off versus Evgeni Malkin in UTAH ICE BEARS zone.
5:10 of 1st period - Jaden Schwartz is hit by Andrew Peeke and loses puck.
5:11 of 1st period - Minor Penalty to Andrew Peeke for High sticking.
5:12 of 1st period - William Karlsson wins face-off versus Leo Komarov in UTAH ICE BEARS zone.
5:13 of 1st period - Shot by Taylor Hall.
5:13 of 1st period - Shot Misses the Net.
5:15 of 1st period - Shot by William Karlsson.
5:15 of 1st period - Shot Blocked by MacKenzie Weegar.
6:15 of 1st period - Shot by Arthur Kaliyev.
6:15 of 1st period - Shot Misses the Net.
6:33 of 1st period - Shot by Alex Pietrangelo.
6:33 of 1st period - Shot Blocked by Artem Zub.
6:35 of 1st period - Shot by Brock Nelson.
6:35 of 1st period - Shot Misses the Net.
6:37 of 1st period - Shot by Jaden Schwartz.
6:37 of 1st period - Shot Blocked by Artem Zub.
6:39 of 1st period - Shot by Jaden Schwartz.
6:39 of 1st period - Stopped by Thatcher Demko without a rebound.
6:40 of 1st period - William Karlsson wins face-off versus Nicholas Paul in UTAH ICE BEARS zone.
7:17 of 1st period - Off-side.
7:18 of 1st period - Nolan Patrick wins face-off versus Evgeni Malkin in neutral zone.
7:32 of 1st period - Icing by Derek Stepan.
7:33 of 1st period - Nolan Patrick wins face-off versus Matthew Beniers in LONG BEACH BARACUDAS zone.
7:33 of 1st period - Nolan Patrick is hit by Alexander Barabanov.
7:39 of 1st period - Shot by Alexander Barabanov.
7:39 of 1st period - Stopped by Martin Jones without a rebound.
7:40 of 1st period - Evgeni Malkin wins face-off versus Jaden Schwartz in LONG BEACH BARACUDAS zone.
7:46 of 1st period - Jaden Schwartz is hit by Andrew Mangiapane and loses puck.
8:32 of 1st period - Icing by Evgeni Malkin.
8:33 of 1st period - Brock Nelson wins face-off versus Evgeni Malkin in UTAH ICE BEARS zone.
8:33 of 1st period - Arthur Kaliyev is hit by MacKenzie Weegar.
10:05 of 1st period - Shot by Craig Smith.
10:05 of 1st period - Shot Misses the Net.
10:23 of 1st period - Shot by Rudolfs Balcers.
10:23 of 1st period - Deflect By Nicholas Paul.
10:23 of 1st period - Stopped by Martin Jones without a rebound.
10:24 of 1st period - William Karlsson wins face-off versus Blake Lizotte in LONG BEACH BARACUDAS zone.
11:24 of 1st period - Minor Penalty to Evgeni Malkin for Cross-checking.
11:25 of 1st period - Brock Nelson wins face-off versus Nicholas Paul in UTAH ICE BEARS zone.
11:36 of 1st period - Shot by Jaden Schwartz.
11:36 of 1st period - Stopped by Thatcher Demko with a rebound.
12:19 of 1st period - Shot by Alex Pietrangelo.
12:19 of 1st period - Shot Misses the Net.
12:21 of 1st period - Shot by Alex Pietrangelo.
12:21 of 1st period - Shot Hit the Post.
12:43 of 1st period - Shot by Brock Nelson.
12:43 of 1st period - Stopped by Thatcher Demko without a rebound.
12:44 of 1st period - Leo Komarov wins face-off versus Brock Nelson in UTAH ICE BEARS zone.
13:31 of 1st period - Shot by Robert Fabbri.
13:31 of 1st period - Stopped by Thatcher Demko without a rebound.
13:32 of 1st period - Nolan Patrick wins face-off versus Matthew Beniers in UTAH ICE BEARS zone.
15:32 of 1st period - Icing by MacKenzie Weegar.
15:33 of 1st period - Ross Colton wins face-off versus Brock Nelson in UTAH ICE BEARS zone.
15:33 of 1st period - Nicholas Paul is hit by Arthur Kaliyev.
16:01 of 1st period - Ross Colton is hit by Robbie Russo and loses puck.
16:15 of 1st period - Icing by MacKenzie Weegar.
16:16 of 1st period - Nicklas Backstrom wins face-off versus Ross Colton in UTAH ICE BEARS zone.
16:19 of 1st period - Shot by Craig Smith.
16:19 of 1st period - Shot Misses the Net.
16:46 of 1st period - Off-side.
16:47 of 1st period - Matthew Beniers wins face-off versus Nolan Patrick in neutral zone.
18:07 of 1st period - Shot by Brock Nelson.
18:07 of 1st period - Stopped by Thatcher Demko without a rebound.
18:08 of 1st period - Nicklas Backstrom wins face-off versus Ross Colton in UTAH ICE BEARS zone.
18:08 of 1st period - Nicklas Backstrom is hit by MacKenzie Weegar.
18:18 of 1st period - Shot by Ross Colton.
18:18 of 1st period - Shot Misses the Net.
19:03 of 1st period - Shot by Jaden Schwartz.
19:03 of 1st period - Stopped by Thatcher Demko without a rebound.
19:04 of 1st period - Evgeni Malkin wins face-off versus Brock Nelson in UTAH ICE BEARS zone.
19:11 of 1st period - Shot by Brock Nelson.
19:11 of 1st period - Stopped by Thatcher Demko with a rebound.
19:13 of 1st period - Shot by Arthur Kaliyev.
19:13 of 1st period - Stopped by Thatcher Demko with a rebound.
19:23 of 1st period - Shot by Arthur Kaliyev.
19:23 of 1st period - Stopped by Thatcher Demko without a rebound.
19:24 of 1st period - Matthew Beniers wins face-off versus William Karlsson in UTAH ICE BEARS zone.
19:48 of 1st period - Shot by Matthew Beniers.
19:48 of 1st period - Shot Misses the Net.
Goals for this period are 1 for LONG BEACH BARACUDAS vs 0 for UTAH ICE BEARS.
Shots for this period are 14 for LONG BEACH BARACUDAS vs 3 for UTAH ICE BEARS.

2nd period


0:01 of 2nd period - Evgeni Malkin wins face-off versus Brock Nelson in neutral zone.
0:26 of 2nd period - Shot by Taylor Hall.
0:26 of 2nd period - Stopped by Thatcher Demko without a rebound.
0:27 of 2nd period - Nicklas Backstrom wins face-off versus Matthew Beniers in UTAH ICE BEARS zone.
0:34 of 2nd period - Shot by Nicklas Backstrom.
0:34 of 2nd period - Stopped by Thatcher Demko with a rebound.
1:05 of 2nd period - Shot by Nicklas Backstrom.
1:05 of 2nd period - Shot Misses the Net.
2:59 of 2nd period - Andrew Peeke is hit by Nolan Patrick and loses puck.
3:04 of 2nd period - Shot by Robert Fabbri.
3:04 of 2nd period - Stopped by Thatcher Demko without a rebound.
3:05 of 2nd period - Nicklas Backstrom wins face-off versus Evgeni Malkin in UTAH ICE BEARS zone.
3:42 of 2nd period - Shot by Evgeni Malkin.
3:42 of 2nd period - Deflect By Andrew Mangiapane.
3:42 of 2nd period - Shot Misses the Net.
4:10 of 2nd period - Shot by Taylor Hall.
4:10 of 2nd period - Stopped by Thatcher Demko without a rebound.
4:11 of 2nd period - William Karlsson wins face-off versus Blake Lizotte in UTAH ICE BEARS zone.
4:20 of 2nd period - Shot by Brock McGinn.
4:20 of 2nd period - Stopped by Thatcher Demko without a rebound.
4:21 of 2nd period - Brock Nelson wins face-off versus Ross Colton in UTAH ICE BEARS zone.
4:38 of 2nd period - Shot by Rudolfs Balcers.
4:38 of 2nd period - Stopped by Martin Jones with a rebound.
4:40 of 2nd period - Shot by Nicholas Paul.
4:40 of 2nd period - Shot Misses the Net.
4:48 of 2nd period - Taylor Hall is hit by Nicholas Paul and loses puck.
5:48 of 2nd period - Shot by Jaden Schwartz.
5:48 of 2nd period - Shot Misses the Net.
6:28 of 2nd period - Shot by Craig Smith.
6:28 of 2nd period - Stopped by Thatcher Demko without a rebound.
6:29 of 2nd period - Blake Lizotte wins face-off versus Nolan Patrick in UTAH ICE BEARS zone.
6:38 of 2nd period - Shot by Blake Lizotte.
6:38 of 2nd period - Shot Misses the Net.
6:40 of 2nd period - Shot by Blake Lizotte.
6:40 of 2nd period - Shot Misses the Net.
6:44 of 2nd period - Shot by Zachary Sanford.
6:44 of 2nd period - Shot Blocked by Derek Stepan.
6:51 of 2nd period - Shot by Zachary Sanford.
6:51 of 2nd period - Stopped by Martin Jones without a rebound.
6:52 of 2nd period - Matthew Beniers wins face-off versus Arthur Kaliyev in LONG BEACH BARACUDAS zone.
6:57 of 2nd period - Shot by Alexander Barabanov.
6:57 of 2nd period - Shot Misses the Net.
7:24 of 2nd period - Shot by Brock Nelson.
7:24 of 2nd period - Shot Misses the Net.
7:26 of 2nd period - Shot by Arthur Kaliyev.
7:26 of 2nd period - Shot Misses the Net.
7:42 of 2nd period - Shot by Blake Lizotte.
7:42 of 2nd period - Shot Misses the Net.
7:44 of 2nd period - Shot by Blake Lizotte.
7:44 of 2nd period - Goal by Blake Lizotte - LONG BEACH BARACUDAS : 1 - UTAH ICE BEARS : 1.
7:45 of 2nd period - William Karlsson wins face-off versus Evgeni Malkin in neutral zone.
7:52 of 2nd period - Shot by William Karlsson.
7:52 of 2nd period - Shot Blocked by Artem Zub.
7:54 of 2nd period - Shot by Brock McGinn.
7:54 of 2nd period - Shot Misses the Net.
7:56 of 2nd period - Shot by William Karlsson.
7:56 of 2nd period - Shot Misses the Net.
8:10 of 2nd period - Jaden Schwartz is hit by Mark Pysyk and loses puck.
8:13 of 2nd period - Shot by William Karlsson.
8:13 of 2nd period - Shot Misses the Net.
8:15 of 2nd period - Shot by William Karlsson.
8:15 of 2nd period - Stopped by Thatcher Demko without a rebound.
8:16 of 2nd period - Ross Colton wins face-off versus Boris Katchouk in UTAH ICE BEARS zone.
8:16 of 2nd period - Ross Colton is hit by Boris Katchouk.
8:56 of 2nd period - Icing by P.K. Subban.
8:57 of 2nd period - Evgeni Malkin wins face-off versus Nicklas Backstrom in LONG BEACH BARACUDAS zone.
9:21 of 2nd period - T.J. Brodie is hit by Boris Katchouk and loses puck.
9:25 of 2nd period - Icing by MacKenzie Weegar.
9:26 of 2nd period - Brock Nelson wins face-off versus Evgeni Malkin in UTAH ICE BEARS zone.
9:29 of 2nd period - Shot by Taylor Hall.
9:29 of 2nd period - Stopped by Thatcher Demko without a rebound.
9:30 of 2nd period - Brock Nelson wins face-off versus Blake Lizotte in UTAH ICE BEARS zone.
9:30 of 2nd period - Brock Nelson is hit by Andrew Peeke.
9:32 of 2nd period - Shot by Taylor Hall.
9:32 of 2nd period - Stopped by Thatcher Demko without a rebound.
9:33 of 2nd period - Ross Colton wins face-off versus Brock Nelson in UTAH ICE BEARS zone.
9:40 of 2nd period - Shot by Rudolfs Balcers.
9:40 of 2nd period - Shot Blocked by Ryan Murray.
9:42 of 2nd period - Shot by Nicholas Paul.
9:42 of 2nd period - Stopped by Martin Jones with a rebound.
9:44 of 2nd period - Shot by Ross Colton.
9:44 of 2nd period - Shot Misses the Net.
10:03 of 2nd period - Icing by Ryan Murray.
10:04 of 2nd period - Brock Nelson wins face-off versus Evgeni Malkin in LONG BEACH BARACUDAS zone.
10:45 of 2nd period - Shot by Andrew Mangiapane.
10:45 of 2nd period - Deflect By Evgeni Malkin.
10:45 of 2nd period - Shot Misses the Net.
11:49 of 2nd period - Taylor Hall is hit by Lucas Raymond and loses puck.
11:53 of 2nd period - Alex Pietrangelo is hit by Andrew Peeke and loses puck.
12:03 of 2nd period - Icing by Bowen Byram.
12:04 of 2nd period - Matthew Beniers wins face-off versus William Karlsson in UTAH ICE BEARS zone.
12:09 of 2nd period - Brock McGinn is hit by Alexander Barabanov and loses puck.
12:23 of 2nd period - Shot by William Karlsson.
12:23 of 2nd period - Shot Blocked by Bowen Byram.
12:29 of 2nd period - Shot by Brock McGinn.
12:29 of 2nd period - Shot Misses the Net.
12:31 of 2nd period - Shot by Jaden Schwartz.
12:31 of 2nd period - Shot Misses the Net.
12:33 of 2nd period - Shot by Jaden Schwartz.
12:33 of 2nd period - Shot Misses the Net.
12:35 of 2nd period - Shot by William Karlsson.
12:35 of 2nd period - Stopped by Thatcher Demko without a rebound.
12:36 of 2nd period - Evgeni Malkin wins face-off versus Boris Katchouk in UTAH ICE BEARS zone.
12:36 of 2nd period - Evgeni Malkin is hit by Boris Katchouk.
13:38 of 2nd period - Shot by Robert Fabbri.
13:38 of 2nd period - Shot Blocked by Mark Pysyk.
13:40 of 2nd period - Shot by Robert Fabbri.
13:40 of 2nd period - Stopped by Thatcher Demko without a rebound.
13:41 of 2nd period - Blake Lizotte wins face-off versus William Karlsson in UTAH ICE BEARS zone.
14:00 of 2nd period - Off-side.
14:01 of 2nd period - Nolan Patrick wins face-off versus Ross Colton in neutral zone.
14:53 of 2nd period - Shot by Andrew Mangiapane.
14:53 of 2nd period - Shot Misses the Net.
14:55 of 2nd period - Shot by MacKenzie Weegar.
14:55 of 2nd period - Shot Blocked by Derek Stepan.
14:57 of 2nd period - Shot by Evgeni Malkin.
14:57 of 2nd period - Stopped by Martin Jones without a rebound.
14:58 of 2nd period - William Karlsson wins face-off versus Leo Komarov in LONG BEACH BARACUDAS zone.
15:14 of 2nd period - Shot by William Karlsson.
15:14 of 2nd period - Stopped by Thatcher Demko without a rebound.
15:15 of 2nd period - Nicklas Backstrom wins face-off versus Evgeni Malkin in UTAH ICE BEARS zone.
15:21 of 2nd period - Icing by Andrew Mangiapane.
15:22 of 2nd period - Evgeni Malkin wins face-off versus Brock McGinn in UTAH ICE BEARS zone.
15:22 of 2nd period - Evgeni Malkin is hit by Brock McGinn.
16:41 of 2nd period - Shot by Nicholas Paul.
16:41 of 2nd period - Stopped by Martin Jones without a rebound.
16:42 of 2nd period - Nicklas Backstrom wins face-off versus Matthew Beniers in LONG BEACH BARACUDAS zone.
17:12 of 2nd period - Shot by Nicklas Backstrom.
17:12 of 2nd period - Shot Misses the Net.
17:39 of 2nd period - Alexander Barabanov is hit by Alex Pietrangelo and loses puck.
17:41 of 2nd period - Minor Penalty to Ryan Murray for Roughing.
17:42 of 2nd period - Evgeni Malkin wins face-off versus Robert Fabbri in LONG BEACH BARACUDAS zone.
18:00 of 2nd period - Shot by Evgeni Malkin.
18:00 of 2nd period - Goal by Evgeni Malkin - LONG BEACH BARACUDAS : 1 - UTAH ICE BEARS : 2.
18:01 of 2nd period - Brock Nelson wins face-off versus Blake Lizotte in neutral zone.
18:58 of 2nd period - Shot by Kyle Okposo.
18:58 of 2nd period - Stopped by Martin Jones with a rebound.
19:00 of 2nd period - Shot by Evgeni Malkin.
19:00 of 2nd period - Shot Misses the Net.
19:02 of 2nd period - Shot by Andrew Mangiapane.
19:02 of 2nd period - Shot Blocked by Taylor Hall.
19:04 of 2nd period - Shot by Evgeni Malkin.
19:04 of 2nd period - Stopped by Martin Jones without a rebound.
19:05 of 2nd period - Ross Colton wins face-off versus William Karlsson in LONG BEACH BARACUDAS zone.
19:06 of 2nd period - Shot by Rudolfs Balcers.
19:06 of 2nd period - Deflect By Ross Colton.
19:06 of 2nd period - Stopped by Martin Jones with a rebound.
19:24 of 2nd period - Brock McGinn is hit by Artem Zub and loses puck.
Goals for this period are 0 for LONG BEACH BARACUDAS vs 2 for UTAH ICE BEARS.
Shots for this period are 12 for LONG BEACH BARACUDAS vs 10 for UTAH ICE BEARS.

3rd period


0:01 of 3rd period - Evgeni Malkin wins face-off versus Brock Nelson in neutral zone.
0:40 of 3rd period - Shot by Taylor Hall.
0:40 of 3rd period - Stopped by Thatcher Demko without a rebound.
0:41 of 3rd period - Matthew Beniers wins face-off versus William Karlsson in UTAH ICE BEARS zone.
1:19 of 3rd period - Jaden Schwartz is hit by MacKenzie Weegar and loses puck.
1:49 of 3rd period - Nicklas Backstrom is hit by MacKenzie Weegar and loses puck.
1:52 of 3rd period - Shot by Craig Smith.
1:52 of 3rd period - Shot Misses the Net.
2:13 of 3rd period - Minor Penalty to Evgeni Malkin for Holding.
2:14 of 3rd period - Leo Komarov wins face-off versus Brock Nelson in UTAH ICE BEARS zone.
4:45 of 3rd period - Shot by Derek Stepan.
4:45 of 3rd period - Shot Misses the Net.
4:47 of 3rd period - Shot by Derek Stepan.
4:47 of 3rd period - Stopped by Thatcher Demko without a rebound.
4:48 of 3rd period - Derek Stepan wins face-off versus Lucas Raymond in UTAH ICE BEARS zone.
5:20 of 3rd period - Shot by Matthew Beniers.
5:20 of 3rd period - Shot Misses the Net.
5:22 of 3rd period - Shot by Alexander Barabanov.
5:22 of 3rd period - Shot Misses the Net.
5:24 of 3rd period - Shot by MacKenzie Weegar.
5:24 of 3rd period - Shot Misses the Net.
5:52 of 3rd period - Shot by Rudolfs Balcers.
5:52 of 3rd period - Shot Misses the Net.
5:54 of 3rd period - Shot by Mark Pysyk.
5:54 of 3rd period - Stopped by Martin Jones without a rebound.
5:55 of 3rd period - Evgeni Malkin wins face-off versus Brock Nelson in LONG BEACH BARACUDAS zone.
6:05 of 3rd period - Shot by Kyle Okposo.
6:05 of 3rd period - Stopped by Martin Jones without a rebound.
6:06 of 3rd period - Ross Colton wins face-off versus Nicklas Backstrom in LONG BEACH BARACUDAS zone.
6:58 of 3rd period - Shot by Evgeni Malkin.
6:58 of 3rd period - Shot Blocked by Mitch Reinke.
7:00 of 3rd period - Shot by MacKenzie Weegar.
7:00 of 3rd period - Shot Misses the Net.
7:25 of 3rd period - Icing by MacKenzie Weegar.
7:26 of 3rd period - Evgeni Malkin wins face-off versus William Karlsson in UTAH ICE BEARS zone.
7:35 of 3rd period - Shot by Andrew Mangiapane.
7:35 of 3rd period - Deflect By Evgeni Malkin.
7:35 of 3rd period - Stopped by Martin Jones without a rebound.
7:36 of 3rd period - William Karlsson wins face-off versus Lucas Raymond in LONG BEACH BARACUDAS zone.
7:40 of 3rd period - William Karlsson is hit by Mark Pysyk and loses puck.
7:59 of 3rd period - Shot by Jaden Schwartz.
7:59 of 3rd period - Deflect By William Karlsson.
7:59 of 3rd period - Shot Misses the Net.
8:01 of 3rd period - Shot by Brock McGinn.
8:01 of 3rd period - Shot Misses the Net.
8:03 of 3rd period - Shot by Jaden Schwartz.
8:03 of 3rd period - Shot Misses the Net.
8:08 of 3rd period - Brock McGinn is hit by Artem Zub and loses puck.
8:33 of 3rd period - Shot by Nicklas Backstrom.
8:33 of 3rd period - Deflect By Craig Smith.
8:33 of 3rd period - Stopped by Thatcher Demko without a rebound.
8:34 of 3rd period - Evgeni Malkin wins face-off versus Brock Nelson in UTAH ICE BEARS zone.
8:55 of 3rd period - Shot by Kyle Okposo.
8:55 of 3rd period - Shot Blocked by Arthur Kaliyev.
8:57 of 3rd period - Shot by Bowen Byram.
8:57 of 3rd period - Shot Misses the Net.
8:59 of 3rd period - Shot by Andrew Mangiapane.
8:59 of 3rd period - Stopped by Martin Jones without a rebound.
9:00 of 3rd period - Nicklas Backstrom wins face-off versus Ross Colton in LONG BEACH BARACUDAS zone.
9:00 of 3rd period - Nicklas Backstrom is hit by Rudolfs Balcers.
9:10 of 3rd period - Shot by Nicholas Paul.
9:10 of 3rd period - Shot Misses the Net.
9:26 of 3rd period - Shot by Nicklas Backstrom.
9:26 of 3rd period - Goal by Nicklas Backstrom - LONG BEACH BARACUDAS : 2 - UTAH ICE BEARS : 2.
9:27 of 3rd period - Evgeni Malkin wins face-off versus Brock Nelson in neutral zone.
9:27 of 3rd period - Kyle Okposo is hit by Brock Nelson and loses puck.
9:28 of 3rd period - Minor Penalty to Arthur Kaliyev for Slashing.
9:29 of 3rd period - Matthew Beniers wins face-off versus Robert Fabbri in LONG BEACH BARACUDAS zone.
10:45 of 3rd period - Shot by Nicholas Paul.
10:45 of 3rd period - Shot Misses the Net.
10:47 of 3rd period - Shot by Evgeni Malkin.
10:47 of 3rd period - Stopped by Martin Jones without a rebound.
10:48 of 3rd period - Nolan Patrick wins face-off versus Evgeni Malkin in LONG BEACH BARACUDAS zone.
11:09 of 3rd period - Nicklas Backstrom is hit by Nicholas Paul.
11:14 of 3rd period - Off-side.
11:15 of 3rd period - Nolan Patrick wins face-off versus Matthew Beniers in neutral zone.
11:25 of 3rd period - Off-side.
11:26 of 3rd period - Matthew Beniers wins face-off versus Robert Fabbri in neutral zone.
11:42 of 3rd period - Brock Nelson is hit by T.J. Brodie and loses puck.
11:57 of 3rd period - Shot by Brock Nelson.
11:57 of 3rd period - Shot Misses the Net.
12:10 of 3rd period - Taylor Hall is hit by T.J. Brodie and loses puck.
13:18 of 3rd period - Shot by Craig Smith.
13:18 of 3rd period - Shot Blocked by T.J. Brodie.
14:00 of 3rd period - Shot by Andrew Mangiapane.
14:00 of 3rd period - Shot Misses the Net.
14:02 of 3rd period - Shot by Bowen Byram.
14:02 of 3rd period - Stopped by Martin Jones with a rebound.
14:04 of 3rd period - Shot by Evgeni Malkin.
14:04 of 3rd period - Stopped by Martin Jones with a rebound.
14:20 of 3rd period - Arthur Kaliyev is hit by Andrew Mangiapane.
14:43 of 3rd period - Ross Colton is hit by Robbie Russo and loses puck.
15:05 of 3rd period - Shot by Nicholas Paul.
15:05 of 3rd period - Shot Misses the Net.
15:07 of 3rd period - Shot by Mark Pysyk.
15:07 of 3rd period - Shot Blocked by Arthur Kaliyev.
15:25 of 3rd period - Shot by William Karlsson.
15:25 of 3rd period - Stopped by Thatcher Demko with a rebound.
15:29 of 3rd period - Shot by Brock McGinn.
15:29 of 3rd period - Deflect By Jaden Schwartz.
15:29 of 3rd period - Stopped by Thatcher Demko without a rebound.
15:30 of 3rd period - William Karlsson wins face-off versus Matthew Beniers in UTAH ICE BEARS zone.
16:24 of 3rd period - Shot by Robert Fabbri.
16:24 of 3rd period - Deflect By Nolan Patrick.
16:24 of 3rd period - Shot Hit the Post.
16:26 of 3rd period - Shot by Robert Fabbri.
16:26 of 3rd period - Deflect By Nolan Patrick.
16:26 of 3rd period - Shot Misses the Net.
17:07 of 3rd period - Shot by Andrew Mangiapane.
17:07 of 3rd period - Shot Blocked by Derrick Pouliot.
17:09 of 3rd period - Shot by Evgeni Malkin.
17:09 of 3rd period - Shot Misses the Net.
17:11 of 3rd period - Shot by Andrew Mangiapane.
17:11 of 3rd period - Deflect By Evgeni Malkin.
17:11 of 3rd period - Shot Hit the Post.
17:13 of 3rd period - Shot by Bowen Byram.
17:13 of 3rd period - Stopped by Martin Jones with a rebound.
17:15 of 3rd period - Shot by Andrew Mangiapane.
17:15 of 3rd period - Deflect By Evgeni Malkin.
17:15 of 3rd period - Shot Misses the Net.
17:17 of 3rd period - Shot by Andrew Peeke.
17:17 of 3rd period - Stopped by Martin Jones without a rebound.
17:18 of 3rd period - Nicklas Backstrom wins face-off versus Ross Colton in LONG BEACH BARACUDAS zone.
18:23 of 3rd period - Boris Katchouk is hit by Evgeni Malkin.
18:32 of 3rd period - Icing by Evgeni Malkin.
18:33 of 3rd period - Brock Nelson wins face-off versus Evgeni Malkin in UTAH ICE BEARS zone.
18:35 of 3rd period - Arthur Kaliyev is hit by Bowen Byram and loses puck.
18:41 of 3rd period - Off-side.
18:42 of 3rd period - Matthew Beniers wins face-off versus Brock Nelson in neutral zone.
18:46 of 3rd period - Alexander Barabanov is hit by Ryan Murray and loses puck.
18:57 of 3rd period - Arthur Kaliyev is hit by Matthew Beniers.
19:01 of 3rd period - Arthur Kaliyev is hit by Alexander Barabanov and loses puck.
19:19 of 3rd period - Icing by Alex Pietrangelo.
19:20 of 3rd period - Evgeni Malkin wins face-off versus Brock Nelson in LONG BEACH BARACUDAS zone.
19:47 of 3rd period - Shot by Andrew Mangiapane.
19:47 of 3rd period - Shot Misses the Net.
19:49 of 3rd period - Shot by MacKenzie Weegar.
19:49 of 3rd period - Shot Misses the Net.
19:51 of 3rd period - Shot by Andrew Mangiapane.
19:51 of 3rd period - Goal by Andrew Mangiapane - LONG BEACH BARACUDAS : 2 - UTAH ICE BEARS : 3.
19:52 of 3rd period - William Karlsson wins face-off versus Blake Lizotte in neutral zone.
19:55 of 3rd period - LONG BEACH BARACUDAS, Martin Jones is pulled from the net.
19:55 of 3rd period - Shot by Nicklas Backstrom.
19:55 of 3rd period - Stopped by Thatcher Demko without a rebound.
19:56 of 3rd period - William Karlsson wins face-off versus Rudolfs Balcers in UTAH ICE BEARS zone.
Goals for this period are 1 for LONG BEACH BARACUDAS vs 1 for UTAH ICE BEARS.
Shots for this period are 7 for LONG BEACH BARACUDAS vs 10 for UTAH ICE BEARS.


CAMERON
TALBOT
ROBERT
THOMAS
JOSHUA
MORRISSEY

EAST COAST

HOCKEY LEAGUE

  • 5.MAN2PIT5
  • 6.NHW2ATL6
  • 7.PET2WOR3
  • 8.RHI15
  • 9.CHIQUE
  • 10.LIMCHA
  • 11.LONTRV
  • 12.BALCHW